 Dungeon Sprint DCSS version 0.27-a0-1525-g1038ab4fd7 (webtiles) character file.

Game seed: 3524948553628176318

1390 sahdkjhfkaj the Blocker (level 8, -4/78 HPs)
             Began as a Minotaur Fighter on July 10, 2021.
             Was an Initiate of Gozag.
             Slain by a boulder beetle (21 damage)
             ... in the Dungeon (Sprint IX: "|||||||||||||||||||||||||||||").
             The game lasted 00:01:19 (382 turns).

sahdkjhfkaj the Blocker (Minotaur Fighter)           Turns: 382, Time: 00:01:20

Health: -4/78      AC: 10    Str: 26    XL:     8   Next: 40%
Magic:  7/7        EV: 13    Int:  5    God:    Gozag
Gold:   504        SH: 13    Dex: 13    Spells: 7/7 levels left

rFire    . . .     SeeInvis .   a - +3 war axe (freeze)
rCold    . . .     Faith    .   c - +0 kite shield
rNeg     . . .     Spirit   .   j - +1 scale mail
rPois    .         Reflect  .   (helmet restricted)
rElec    .         Harm     .   (no cloak)
rCorr    .         Rampage  .   i - +0 pair of gloves
Will     .....     NoTele   +   (no boots)
Stlth    ..........             (no amulet)
HPRegen  0.23/turn              b - +3 ring of strength
MPRegen  0.10/turn              k - +3 ring of dexterity

@: mighty, gold aura, hasted, very quick
A: horns 2, retaliatory headbutt
a: Renounce Religion, Potion Petition, Call Merchant, Bribe Branch


You were in the Dungeon.
You worshipped Gozag.
Gozag was pleased with you.
You visited 1 branch You collected 504 gold pieces.

Inventory:

Hand Weapons
 a - a +3 war axe of freezing (weapon)
   (You found it in the Dungeon)
Armour
 c - a +0 kite shield (worn)
 i - a +0 pair of gloves (worn)
   (You found it in the Dungeon)
 j - a +1 scale mail (worn)
   (You found it in the Dungeon)
Jewellery
 b - a +3 ring of strength (left hand)
   (You found it in the Dungeon)
 k - a +3 ring of dexterity (right hand)
   (You found it in the Dungeon)
Wands
 f - a wand of iceblast (10)
   (You found it in the Dungeon)
Scrolls
 z - 2 scrolls of blinking
Potions
 e - a potion of invisibility
 g - 4 potions of magic
 q - 4 potions of curing
 w - 2 potions of heal wounds


   Skills:
 + Level 9.2 Fighting
 * Level 11.9 Axes
 + Level 9.3 Armour
 + Level 7.9 Dodging
 * Level 12.3 Shields


You had 7 spell levels left.
You didn't know any spells.
Your spell library was empty.

Dungeon Overview and Level Annotations

Branches:
Dungeon (1/1)

Altars:
Cheibriados
Dithmenos
Elyvilon
Fedhas
Gozag
Hepliaklqana
Kikubaaqudgha
Makhleb
Nemelex Xobeh
Okawaru
Qazlal
Ru
Sif Muna
Trog
Uskayaw
Vehumet
Wu Jian
Xom
Yredelemnul
Zin
The Shining One
Beogh
Jiyva
Lugonu


Innate Abilities, Weirdness & Mutations

You have a pair of horns on your head.
You reflexively headbutt those who attack you in melee.


Message History

The boulder beetle bites you!!
* * * LOW HITPOINT WARNING * * *
You block the centaur warrior's attack.
The centaur warrior kicks you but does no damage.
Unknown command.
You hit the boulder beetle but do no damage.
The boulder beetle is heavily wounded.
You hit the centaur warrior. You freeze the centaur warrior.
You kill the centaur warrior!
You block the boulder beetle's attack.
The basilisk hisses menacingly.
Your Fighting skill increases to level 9!
Your Axes skill increases to level 11!
Your Armour skill increases to level 9!
Your Dodging skill increases to level 7!
Your Shields skill gained 2 levels and is now at level 12!
You have reached level 8!
You feel stronger.
You slash the boulder beetle! You freeze the boulder beetle.
You headbutt the boulder beetle!!
The boulder beetle is almost dead.
You hit the two-headed ogre. You freeze the two-headed ogre.
You block the boulder beetle's attack.
The two-headed ogre is distracted by your dazzling golden aura.
The two-headed ogre shouts in stereo!
Unknown command.
Unknown command.
You hit the boulder beetle but do no damage.
The boulder beetle is almost dead.
You slash the two-headed ogre! You freeze the two-headed ogre.
The two-headed ogre is no longer distracted by gold.
Unknown command.
You hit the boulder beetle but do no damage.
You headbutt the boulder beetle, but do no damage.
The boulder beetle is almost dead.
You slash the two-headed ogre! You freeze the two-headed ogre.
The boulder beetle leaps!
The two-headed ogre misses you. x2
Unknown command.
The boulder beetle bites you!!
You die...
Your body crumbles into a pile of gold. $$$$$ $ $ $ $$$$$ $ ▓▓▓▓▓▓▓▓▓▓▓▓▓▓▓▓▓▓▓▓▓▓▓▓▓ '.?)..[[..))...B@'Olcp..+ ▓▓▓▓▓▓▓▓▓▓▓▓▓▓▓▓▓▓▓▓▓▓▓▓▓

You could see a death knight (reflects damage), a boulder beetle, a centaur warrior, a two-headed ogre and a basilisk.

Vanquished Creatures
  A centaur warrior (D)
  A shadow (D)
  A yak (D)
  An acid dragon (D)
  2 ogres (D)
  2 kobold brigands (D)
  An ufetubus (D)
  A bat zombie (D)
  A kobold (D)
  2 quokkas (D)
  A ball python zombie (D)
  A frilled lizard (D)
  A giant cockroach zombie (D)
  A rat (D)
17 creatures vanquished.

Notes
Turn   | Place    | Note
-------+----------+-------------------------------------------
     0 | D        | sahdkjhfkaj the Minotaur Fighter began the quest for the
                  | Orb.
     0 | D        | Reached XP level 1. HP: 19/19 MP: 0/0
    14 | D        | Reached skill level 4 in Shields
    18 | D        | Reached skill level 1 in Dodging
    83 | D        | Noticed an ogre
    83 | D        | Noticed an ogre
    87 | D        | Killed an ogre
    88 | D        | Reached skill level 5 in Fighting
    88 | D        | Reached skill level 5 in Axes
    88 | D        | Reached skill level 5 in Armour
    88 | D        | Reached skill level 6 in Shields
    88 | D        | Reached XP level 2. HP: 29/29 MP: 1/1
    88 | D        | Reached XP level 3. HP: 36/36 MP: 2/2
    88 | D        | Reached XP level 4. HP: 42/42 MP: 3/3
    94 | D        | Killed an ogre
    95 | D        | Reached skill level 7 in Shields
    95 | D        | Reached XP level 5. HP: 45/50 MP: 4/4
   216 | D        | Found a snail-covered altar of Cheibriados.
   216 | D        | Found a shadowy altar of Dithmenos.
   216 | D        | Found a white marble altar of Elyvilon.
   216 | D        | Found a blossoming altar of Fedhas.
   216 | D        | Found an opulent altar of Gozag.
   217 | D        | Found a hazy altar of Hepliaklqana.
   218 | D        | Found a viscous altar of Jiyva.
   219 | D        | Found an ancient bone altar of Kikubaaqudgha.
   220 | D        | Found a corrupted altar of Lugonu.
   221 | D        | Found a burning altar of Makhleb.
   222 | D        | Found a sparkling altar of Nemelex Xobeh.
   223 | D        | Found an iron altar of Okawaru.
   224 | D        | Became a worshipper of Gozag Ym Sagoz the Greedy
   225 | D        | Found a stormy altar of Qazlal.
   226 | D        | Found a sacrificial altar of Ru.
   227 | D        | Found a shimmering blue altar of Sif Muna.
   228 | D        | Found a bloodstained altar of Trog.
   229 | D        | Found a hide-covered altar of Uskayaw.
   230 | D        | Found a radiant altar of Vehumet.
   231 | D        | Found an ornate altar of the Wu Jian Council.
   232 | D        | Found a shimmering altar of Xom.
   233 | D        | Found a basalt altar of Yredelemnul.
   234 | D        | Found a glowing silver altar of Zin.
   235 | D        | Found a glowing golden altar of the Shining One.
   286 | D        | Noticed a yak
   286 | D        | Noticed an acid dragon
   286 | D        | Noticed a shadow
   294 | D        | Killed a yak
   295 | D        | Reached skill level 5 in Dodging
   295 | D        | Reached skill level 9 in Shields
   295 | D        | Reached XP level 6. HP: 53/58 MP: 5/5
   304 | D        | Reached skill level 10 in Shields
   305 | D        | Killed an acid dragon
   306 | D        | Reached skill level 10 in Axes
   306 | D        | Reached XP level 7. HP: 56/67 MP: 6/6
   308 | D        | Killed a shadow
   364 | D        | Noticed a centaur warrior
   364 | D        | Noticed a boulder beetle
   364 | D        | Noticed a two-headed ogre
   364 | D        | Noticed a basilisk
   364 | D        | Noticed a centaur warrior
   364 | D        | Noticed a death knight
   378 | D        | Killed a centaur warrior
   379 | D        | Reached skill level 12 in Shields
   379 | D        | Reached XP level 8. HP: 17/78 MP: 7/7
   382 | D        | Slain by a boulder beetle

Illustrated notes

Levels and vault maps discovered:
D:        linesprint [early_d, line_temple, items_1, d_10, items_2, lair_1,
          lair_end, items_3, orc_1, orc_end, items_4, d_15, swamp_1, shoals_1,
          snake_1, spider_1, d_20, vaults_1, items_5, swamp_end, shoals_end,
          snake_end, spider_end, vaults_end, d_27, items_6, zot_1, zot_end,
          crypt_end, forest_end, elf_end, slime_end, tomb_end, abyss_end,
          pan_hell_end]

Skill      XL: |  1  2  3  4  5  6  7 |
---------------+----------------------+-----
Shields        | 6 7 9 10 12 | 12.3
Axes           | 5 7 8 10 11 | 11.9
Armour         | 5 6 7 9 |  9.3
Dodging        | 3 4 5 6 7 |  7.9
Fighting       | 5 6 7 9 |  9.2

Action                   |  1- 3 |  4- 6 |  7- 9 || total
-------------------------+-------+-------+-------++-------
Melee: War axe           |    17 |    30 |    13 ||    60
       Headbutt          |     2 |     6 |     4 ||    12
  Use: Potion            |     1 |       |     4 ||     5
Armor: Scale mail        |     8 |     5 |     8 ||    21
Dodge: Dodged            |     6 |    10 |    11 ||    27
Block: Kite shield       |     7 |    14 |    15 ||    36

Table legend: (Time is in decaauts)
 A = Elapsed time spent in this place.
 B = Non-inter-level travel time spent in this place.
 C = Inter-level travel time spent in this place.
 D = Time resting spent in this place.
 E = Time spent auto-exploring this place.
 F = Levels seen in this place.
 G = Mean time per level.
                   A        B        C        D        E       F      G
               +--------+--------+--------+--------+--------+-----+--------+
         Total |    397 |    397 |      0 |    161 |     86 |   1 |  397.0 |
       Dungeon |    397 |    397 |      0 |    161 |     86 |   1 |  397.0 |
               +--------+--------+--------+--------+--------+-----+--------+

Top non-repeatable levels by time:
       D: 397 daAuts
